 Dungeon Crawl Stone Soup version 0.31-a0-1620-gcbf77bbcfc (console) character file.

Game seed: 16023285066876185582

156 Zeia the Grave Robber (level 5, -7/35 HPs)
             Began as a Demonspawn Necromancer on Jan 11, 2024.
             Mangled by Edmund
             ... wielding a +1 flail of protection
              (10 damage)
             ... on level 4 of the Dungeon.
             The game lasted 00:18:04 (3631 turns).

Zeia the Grave Robber (Demonspawn Necromancer)      Turns: 3631, Time: 00:18:04

Health: -7/35      AC:  6    Str:  7 (8)  XL:     5   Next: 14%
Magic:  0/11       EV: 12    Int: 16 (17) God:
Gold:   132        SH:  0    Dex: 11 (14) Spells: 9/12 levels left

rFire   + . .        c - +0 mace
rCold   + . .        (no shield)
rNeg    . . .        a - +0 robe
rPois   +            (no helmet)
rElec   +            i - +0 cloak
rCorr   +            (no gloves)
SInv    .            (no boots)
Will    .....        j - amulet of guardian spirit
Stlth   +            (no ring)
HPRegen 0.25/turn    (no ring)
MPRegen 0.12/turn

%: guardian spirit
@: confused, resistant
A: slimy green scales 2, weakness stinger 2
a: no special abilities


You were on level 4 of the Dungeon.
You visited 1 branch of the dungeon, and saw 4 of its levels.

You collected 158 gold pieces.
You spent 26 gold pieces at shops.

Inventory:

Hand Weapons
 c - a +0 mace (weapon)
Armour
 a - a +0 robe (worn)
 d - a +0 robe
 i - a +0 cloak (worn)
Jewellery
 j - an amulet of guardian spirit (around neck)
Wands
 l - a wand of roots (5)
Scrolls
 e - a scroll of noise {unknown}
 f - 5 scrolls of identify
 h - a scroll of poison {unknown}
 k - 2 scrolls of teleportation {unknown}
 n - a scroll of fear {unknown}
Potions
 b - a potion of magic


   Skills:
 - Level 1.0 Maces & Flails
 - Level 1.7 Dodging
 - Level 1.7 Stealth
 - Level 4.0 Spellcasting
 * Level 5.4 Necromancy


You had 9 spell levels left.
You knew the following spells:

 Your Spells              Type           Power      Damage    Failure   Level
a - Necrotise             Necr           80%        1d8       1%          1
b - Blink                 Tloc           6%         N/A       26%         2

Your spell library contained the following spells:

 Spells                   Type           Power      Damage    Failure   Level
 Vampiric Draining        Necr           20%        2d7       5%          3
 Magic Dart               Conj           12%        1d3       17%         1
 Animate Dead             Necr           20%        N/A       19%         4
 Call Imp                 Summ           6%         N/A       26%         2
 Curse of Agony           Necr           20%        N/A       45%         5


Dungeon Overview and Level Annotations

Branches:
Dungeon (4/15)
 Temple: D:4-7

Altars:
Nemelex Xobeh

Shops:
D:2 ?

Annotations:
D:3 Grinder
D:4 Edmund


Innate Abilities, Weirdness & Mutations

You are mostly covered in slimy green scales. (AC +3)
You have a tail ending in a sharp stinger.


Message History

You miss something.
Your tail-slap misses something.
Something hits you but does no damage. x2
You closely miss something. Something hits you but does no damage.
You closely miss something. Something hits you but does no damage.
You barely miss something. You tail-slap something.
You hear some strange, mumbled words.
You are confused.
You hear some strange, mumbled words.
You are more confused.
You closely miss something. Something hits you but does no damage.
You hear some strange, mumbled words.
A puff of flame appears from out of thin air!
The puff of flame misses you.
You're too confused to cast spells.
Unknown command.
Something hits you but does no damage.
You are too confused!
Edmund hits you with a +1 flail of protection.
You hear some strange, mumbled words.
A puff of flame appears from out of thin air!
The puff of flame hits you. Edmund attacks as he pursues you!
Edmund closely misses you. Something hits you but does no damage.
It was a potion of degeneration.
There was something very wrong with that liquid.
You feel weakened.
You feel dopey.
You feel clumsy. Something hits you.
The orc throws a stone.
The stone closely misses you.
Edmund hits you with a +1 flail of protection.
Something hits you.
Edmund hits you with a +1 flail of protection!
* * * LOW HITPOINT WARNING * * *
It was a potion of resistance.
You feel protected. The hobgoblin hits you.
* * * LOW HITPOINT WARNING * * *
Edmund hits you but does no damage. Something hits you but does no damage.
You are too confused!
Unknown command.
You closely miss the hobgoblin.
Your tail-slap misses the hobgoblin.
The hobgoblin misses you.
Edmund hits you with a +1 flail of protection!
You die...
Edmund says, "That'll show my brother!"

######).##.# #8.
#..##.# #...
#..#..#####8.
######......##.'.
#............#.#
...........##..##
...####.........#
....# #.#####..####
.#..###.# #..##.##
## .)......#
#..##..##+##.#.#.#.
.#..#####
#...@..##..o.....o.
....#
#.##g@o##.##.#.#.#.
<##.#
#.##...#...#.# .#
.# #.##....###..#
.. .. #. #....# ..#
.#. ## #. #....# .#
.#.. #. #...#.. .#
.# .# #. #...##.#
.# .# .. #...# .#
.# ## ..... #
##....


You could see Edmund, an orc and a hobgoblin.

Vanquished Creatures
  Terence (D:3)
  An orc wizard (D:3)
  3 adders
  A ribbon worm (D:3)
  2 dart slugs
  10 orcs
  5 endoplasms
  2 giant cockroaches (D:2)
  3 goblins
  2 hobgoblins (D:3)
  7 jackals
  A quokka (D:3)
  2 ball pythons
  4 bats
  4 frilled lizards
  4 kobolds
  5 rats
57 creatures vanquished.

Vanquished Creatures (collateral kills)
  An endoplasm (D:1)
  A giant cockroach (D:1)
  A jackal (D:2)
  A frilled lizard (D:3)
4 creatures vanquished.

Grand Total: 61 creatures vanquished

Notes
Turn   | Place    | Note
-------+----------+-------------------------------------------
     0 | D:1      | Zeia the Demonspawn Necromancer began the quest for the
                  | Orb.
     0 | D:1      | Reached XP level 1. HP: 13/13 MP: 3/3
   306 | D:1      | Gained mutation: You have a small tail. [demonic ancestry]
   306 | D:1      | Reached XP level 2. HP: 6/19 MP: 0/5
   865 | D:2      | Reached skill level 1 in Maces & Flails
  1076 | D:2      | Gained mutation: You are partially covered in slimy green
                  | scales. (AC +2) [demonic ancestry]
  1076 | D:2      | Reached XP level 3. HP: 24/24 MP: 1/7
  1447 | D:2      | Found Taliytia's Magic Scroll Emporium.
  1468 | D:2      | Bought a scroll of identify for 26 gold pieces
  2015 | D:3      | Learned a level 2 spell: Blink
  2068 | D:3      | Found a sparkling altar of Nemelex Xobeh.
  2127 | D:3      | Gained mutation: You are mostly covered in slimy green
                  | scales. (AC +3) [demonic ancestry]
  2127 | D:3      | Reached XP level 4. HP: 21/30 MP: 0/9
  2257 | D:3      | Noticed Grinder
  2388 | D:3      | Found a faded altar of an unknown god.
  2444 | D:3      | Noticed Terence
  2457 | D:3      | Killed Terence
  2637 | D:3      | Reached skill level 5 in Necromancy
  3441 | D:4      | Gained mutation: You have a tail ending in a sharp stinger.
                  | [demonic ancestry]
  3441 | D:4      | Reached XP level 5. HP: 35/35 MP: 8/11
  3596 | D:4      | Noticed Edmund
  3631 | D:4      | Mangled by Edmund

Illustrated notes

Levels and vault maps discovered:
D:1:      mrwooster_arrival_statue_3, layout_basic, wad_floor_pattern_1
D:2:      minmay_diamond_boxcup, layout_loops_cross, serial_shops,
          nicolae_shop_hallway_stairs, grunt_decor_resistance,
          minmay_misc_feat_encased, kennysheep_big_empty_room
D:3:      layout_basic, mainiacjoe_overflow_brackets, serial_bayou,
          serial_bayou_lake_a, serial_bayou_crossing, serial_bayou_pond_e,
          serial_bayou_pond_d, dreamdust_ecumenical_altar_statues, uniq_terence,
          uniq_grinder
D:4:      layout_loops_ring, minmay_temple_entry_glass, serial_park_tiny_pond,
          chequers_serial_rivers_micro_c, dk_noncrumbling_4, nicolae_the_louvre,
          uniq_edmund, uniq_pikel

Skill      XL: |  1  2  3  4 |
---------------+-------------+-----
Maces & Flails | 1 |  1.0
Spellcasting   | 3 4 |  4.0
Necromancy     | 5 |  5.4
Dodging        | |  1.7
Stealth        | |  1.7

Action                     |  1- 3 |  4- 6 || total
---------------------------+-------+-------++-------
  Melee: Mace              |    17 |    34 ||    51
         Tailslap          |     1 |     3 ||     4
   Cast: Necrotise         |    74 |    46 ||   120
    Use: Potion            |       |     2 ||     2
   Stab: Distracted        |     1 |       ||     1
 Armour: Robe              |    31 |    47 ||    78
  Dodge: Dodged            |    41 |    24 ||    65

Table legend: (Time is in decaauts)
 A = Elapsed time spent in this place.
 B = Non-inter-level travel time spent in this place.
 C = Inter-level travel time spent in this place.
 D = Time resting spent in this place.
 E = Time spent auto-exploring this place.
 F = Levels seen in this place.
 G = Mean time per level.
                   A        B        C        D        E       F      G
               +--------+--------+--------+--------+--------+-----+--------+
         Total |   3684 |   3568 |    116 |    717 |   2180 |   4 |  921.0 |
       Dungeon |   3684 |   3568 |    116 |    717 |   2180 |   4 |  921.0 |
               +--------+--------+--------+--------+--------+-----+--------+

Top non-repeatable levels by time:
     D:3: 1479 daAuts
     D:2: 1195 daAuts
     D:1: 778 daAuts
     D:4: 232 daAuts
